 Dungeon Sprint DCSS version 0.15-a0-39-g424acf8 (webtiles) character file.

10908 BluebellGnoll the Imperceptible (level 11, -11/47 HPs)
             Began as a Spriggan Enchanter on Apr 3, 2014.
             Was the Champion of Sif Muna.
             Mangled by an orc knight
             ... wielding a +0,+0 battleaxe
              (25 damage)
             ... in the Dungeon (Sprint IX: "|||||||||||||||||||||||||||||").
             The game lasted 00:20:42 (2859 turns).

BluebellGnoll the Imperceptible (SpEn)              Turns: 2859, Time: 00:20:42

HP -11/47        AC  3     Str  4      XL: 11   Next: 23%
MP  24/38        EV 30     Int 23      God: Sif Muna [******]
Gold 1473        SH  0     Dex 20      Spells:  9 memorised, 16 levels left

rFire  + . .     SeeInvis +     p - +2 cutlass of Grausess {vamp, +Inv rElec rF+}
rCold  . . .     Clarity  .     b - +1 robe
rNeg   . . .     Conserve .     (shield restricted)
rPois  .         rCorr    .     (helmet restricted)
rElec  +         rRot     .     (no cloak)
SustAb . .       Spirit   .     (gloves unavailable)
rMut   .         Warding  .     (boots unavailable)
Saprov . . .     NoTele   +     (no amulet)
MR     +....                    q - +3 ring of intelligence
                                e - +3 ring of dexterity

@: very quick, somewhat resistant to hostile enchantments, incredibly stealthy
A: unfitting armour, see invisible, herbivore 3, speed 3, slow metabolism 2
a: Channel Energy, Forget Spell, Renounce Religion, Evoke Invisibility


You were in the Dungeon.
You worshipped Sif Muna.
Sif Muna was exalted by your worship.
You were full.

You visited 1 branch You collected 1473 gold pieces.

Inventory:

Hand weapons
 d - a +4,+2 dagger of chaos
 p - the +2,+2 cutlass of Grausess (weapon) {vamp, +Inv rElec rF+}
   (You found it in the Dungeon)

   It inflicts no extra harm, but heals its wielder somewhat when it strikes a
   living foe.
   It protects you from fire.
   It insulates you from electricity.
   It lets you turn invisible.
 s - a +2,+0 glaive
 t - a +1,+2 dagger of flaming
Armour
 b - a +1 robe (worn)
Magical devices
 c - a wand of flame (7) {unknown}
 o - a wand of cold (7)
Comestibles
 A - 5 bread rations
Scrolls
 k - 2 scrolls of blinking
 m - 4 scrolls of remove curse
 n - 2 scrolls of amnesia
 u - a scroll of identify
 v - a scroll of enchant weapon III
 w - 2 scrolls of enchant weapon II
Jewellery
 e - a +3 ring of dexterity (left hand)
 q - a +3 ring of intelligence (right hand)
Potions
 f - 3 potions of curing
 g - 4 potions of heal wounds
 h - 2 potions of haste
 i - 2 potions of magic
 j - a potion of berserk rage
 l - a potion of invisibility
 r - a potion of agility
Books
 a - Sif Muna's Compendium of Curses
   (Sif Muna gifted it to you in the Dungeon)

   Spells                             Type                      Level
   *Corona                            Hexes                        1
   Slow                               Hexes                        2
   Summon Guardian Golem              Hexes/Summoning              4
   *Mass Confusion                    Hexes                        6
   Darkness                           Hexes                        7
 x - a book of Enchantments

   Spells                             Type                      Level
   *Cause Fear                        Hexes                        4
   Silence                            Hexes/Air                    5
   Tukima's Dance                     Hexes                        5
   Deflect Missiles                   Charms/Air                   6
   Haste                              Charms                       6
   Discord                            Hexes                        8


   Skills:
 - Level 1.1 Short Blades
 - Level 1.1 Throwing
 * Level 12.1 Dodging
 - Level 22.0 Stealth
 * Level 18.9 Spellcasting
 * Level 15.2 Hexes


You had 16 spell levels left.
You knew the following spells:

 Your Spells              Type           Power        Failure   Level  Hunger
a - Corona                Hex            #######      0%          1    None
b - Ensorcelled Hibernat  Hex/Ice        ######       1%          2    None
c - Confuse               Hex            #######.     0%          3    None
d - Sure Blade            Hex/Chrm       ######....   1%          2    None
e - Enslavement           Hex            #######.     1%          4    None
f - Invisibility          Hex            #######.     1%          6    ###....
g - Cause Fear            Hex            #######...   1%          4    None
h - Dazzling Spray        Conj/Hex       ######..     1%          3    None
i - Mass Confusion        Hex            #######...   1%          6    ###....


Dungeon Overview and Level Annotations

Branches:
Dungeon (1/1)

Altars:
Ashenzari
Cheibriados
Dithmenos
Elyvilon
Fedhas
Kikubaaqudgha
Makhleb
Nemelex Xobeh
Okawaru
Sif Muna
Trog
Vehumet
Xom
Yredelemnul
Zin
The Shining One

Shops:
D (!


Innate Abilities, Weirdness & Mutations

You are tiny and cannot use many weapons and most armour.
You have supernaturally acute eyesight.
You are a herbivore.
You cover ground extremely quickly.
You need consume almost no food.


Message History

The orc knight struggles to resist.
The bond with your blade fades away. The orc knight misses you.
Casting: Confuse
Confirm with . or Enter, or press ? or * to list all spells.
Aiming: Confuse
Press: ? - help, Shift-Dir - straight line, f/p - orc knight
Aim: an orc knight, wielding a battleaxe and wearing a plate armour (heavily wounded)
The orc knight struggles to resist.
Casting: Confuse
Confirm with . or Enter, or press ? or * to list all spells.
Aiming: Confuse
Press: ? - help, Shift-Dir - straight line, f/p - orc knight
Aim: an orc knight, wielding a battleaxe and wearing a plate armour (heavily wounded)
The orc knight appears confused.
The orc knight completely misses you.
You hit the orc knight but do no damage.
The orc knight is heavily wounded.
The orc knight hits you with an uncursed battleaxe!
Ouch! That really hurt!
You die...

▓.▓.▓'▓.▓_▓
▓.▓.▓.▓.▓'▓
▓[▓.▓.▓.▓.▓
▓[▓[▓.▓.▓.▓
▓[▓.▓.▓.▓.▓
▓)▓.▓.▓.▓%▓
▓[▓.▓%▓.▓%▓
▓o▓)▓.▓.▓'▓
▓@▓.▓.▓.▓.▓
▓(▓.▓.▓.▓)▓
▓.▓.▓.▓.▓%▓
▓.▓.▓.▓.▓.▓
▓.▓.▓%▓.▓.▓
▓.▓.▓.▓.▓(▓
▓.▓.▓'▓.▓.▓
▓(▓.▓.▓.▓.▓
▓.▓.▓.▓.▓.▓


You could see an orc knight (confused).

Vanquished Creatures
  Gastronok (D)
  A hydra (D)
  2 orc high priests (D)
  A centaur warrior (D)
  3 orc knights (D)
  A black mamba (D)
  A gargoyle (D)
  A spiny frog (D)
  Psyche (D)
  5 polar bears (D)
  3 grizzly bears (D)
  A wraith (D)
  A yak (D)
  A hippogriff (D)
  A water moccasin (D)
  A porcupine (D)
  A sky beast (D)
  9 orc warriors (D)
  A black bear (D)
  A crocodile (D)
  3 giant frogs (D)
  A wight (D)
  2 hounds (D)
  3 orc priests (D)
  2 worker ants (D)
  4 orc wizards (D)
  A sheep (D)
  A green rat (D)
  A worm (D)
  2 giant geckos (D)
  8 orcs (D)
  3 jackals (D)
  3 kobolds (D)
  A bat (D)
  A goblin (D)
  3 rats (D)
76 creatures vanquished.

Vanquished Creatures (others)
  An efreet (D)
  An ice beast (D)
  An orc warrior (D)
3 creatures vanquished.

Grand Total: 79 creatures vanquished

Notes
Turn   | Place    | Note
--------------------------------------------------------------
     0 | D        | BluebellGnoll, the Spriggan Enchanter, began the quest for the Orb.
     0 | D        | Reached XP level 1. HP: 9/9 MP: 4/4
     9 | D        | Reached skill level 5 in Stealth
    18 | D        | Reached skill level 6 in Stealth
   181 | D        | Noticed a worker ant
   181 | D        | Noticed a sky beast
   181 | D        | Noticed a worker ant
   183 | D        | Killed a worker ant
   183 | D        | Reached skill level 10 in Stealth
   183 | D        | Reached XP level 2. HP: 13/13 MP: 7/7
   183 | D        | Reached XP level 3. HP: 16/16 MP: 9/9
   187 | D        | Killed a sky beast
   187 | D        | Reached skill level 14 in Stealth
   187 | D        | Reached XP level 4. HP: 21/21 MP: 12/12
   189 | D        | Killed a worker ant
   189 | D        | Reached skill level 15 in Stealth
   189 | D        | Reached XP level 5. HP: 24/24 MP: 14/14
   298 | D        | Learned a level 2 spell: Ensorcelled Hibernation
   302 | D        | Learned a level 3 spell: Confuse
   305 | D        | Learned a level 2 spell: Sure Blade
   325 | D        | Found a white marble altar of Elyvilon.
   325 | D        | Found a shadowy altar of Dithmenos.
   325 | D        | Found a shimmering altar of Xom.
   325 | D        | Found a bloodstained altar of Trog.
   325 | D        | Found a radiant altar of Vehumet.
   325 | D        | Found a shattered altar of Ashenzari.
   325 | D        | Found a shadowy altar of Dithmenos.
   326 | D        | Found a blossoming altar of Fedhas.
   327 | D        | Found an iron altar of Okawaru.
   328 | D        | Found a basalt altar of Yredelemnul.
   329 | D        | Found a sparkling altar of Nemelex Xobeh.
   330 | D        | Found a burning altar of Makhleb.
   331 | D        | Found a snail-covered altar of Cheibriados.
   332 | D        | Found an ancient bone altar of Kikubaaqudgha.
   333 | D        | Found a deep blue altar of Sif Muna.
   334 | D        | Found a white marble altar of Elyvilon.
   335 | D        | Found a glowing golden altar of the Shining One.
   336 | D        | Found a glowing silver altar of Zin.
   342 | D        | Became a worshipper of Sif Muna the Loreminder
   355 | D        | Got the +2,+2 cutlass of Grausess {vamp, +Inv rElec rF+}
   384 | D        | Noticed a hound
   384 | D        | Noticed a wraith
   384 | D        | Noticed a hound
   384 | D        | Noticed a wight
   386 | D        | Killed a wight
   386 | D        | Reached skill level 5 in Hexes
   388 | D        | Killed a hound
   388 | D        | Acquired Sif Muna's first power
   388 | D        | Reached skill level 5 in Spellcasting
   390 | D        | Killed a wraith
   390 | D        | Acquired Sif Muna's second power
   390 | D        | Reached XP level 6. HP: 28/28 MP: 16/24
   394 | D        | Killed a hound
   405 | D        | Learned a level 4 spell: Enslavement
   412 | D        | Learned a level 6 spell: Invisibility
   431 | D        | Noticed a gargoyle
   431 | D        | Noticed an efreet
   431 | D        | Noticed an ice beast
   431 | D        | Noticed a giant frog
   431 | D        | Noticed an orc warrior
   431 | D        | Noticed a centaur warrior
   438 | D        | a centaur warrior (ally) was killed
   441 | D        | Killed an orc warrior
   441 | D        | Reached skill level 10 in Hexes
   457 | D        | Killed a giant frog
   457 | D        | Acquired Sif Muna's third power
   457 | D        | Reached XP level 7. HP: 32/32 MP: 16/27
   463 | D        | Killed an ice beast
   463 | D        | Reached skill level 10 in Spellcasting
   469 | D        | Killed an efreet
   483 | D        | Killed a gargoyle
   483 | D        | Reached XP level 8. HP: 23/36 MP: 4/30
   796 | D        | Noticed a spiny frog
   796 | D        | Noticed a giant frog
   796 | D        | Noticed a yak
   796 | D        | Noticed a giant frog
   797 | D        | Noticed a hippogriff
   798 | D        | Killed a giant frog
   809 | D        | Killed a yak
   809 | D        | Received a gift from Sif Muna
   809 | D        | Reached skill level 16 in Stealth
   822 | D        | Killed a spiny frog
   822 | D        | Reached skill level 5 in Dodging
   829 | D        | Killed a giant frog
   829 | D        | Reached skill level 17 in Stealth
   838 | D        | Learned a level 4 spell: Cause Fear
  1000 | D        | Killed a hippogriff
  1144 | D        | Noticed a polar bear
  1144 | D        | Noticed a water moccasin
  1144 | D        | Noticed a porcupine
  1144 | D        | Noticed a black mamba
  1144 | D        | Noticed a crocodile
  1145 | D        | Noticed a five-headed hydra
  1148 | D        | Killed a crocodile
  1150 | D        | Killed a black mamba
  1150 | D        | Reached skill level 18 in Stealth
  1150 | D        | Reached XP level 9. HP: 39/39 MP: 24/33
  1152 | D        | Killed a porcupine
  1154 | D        | Killed a water moccasin
  1156 | D        | Killed a polar bear
  1156 | D        | Reached skill level 15 in Spellcasting
  1160 | D        | Killed a six-headed hydra
  1160 | D        | Received a gift from Sif Muna
  1160 | D        | Reached skill level 19 in Stealth
  1164 | D        | Identified Sif Muna's Papyrus of the Oath (Sif Muna gifted it to you in the Dungeon)
  1169 | D        | Learned a level 3 spell: Dazzling Spray
  1172 | D        | Noticed a polar bear
  1172 | D        | Noticed a grizzly bear
  1172 | D        | Noticed a black bear
  1172 | D        | Noticed a polar bear
  1172 | D        | Noticed a grizzly bear
  1172 | D        | Noticed a polar bear
  1172 | D        | Noticed a polar bear
  1173 | D        | Noticed a grizzly bear
  1174 | D        | Killed a polar bear
  1174 | D        | Reached skill level 20 in Stealth
  1176 | D        | Killed a polar bear
  1178 | D        | Killed a grizzly bear
  1180 | D        | Killed a polar bear
  1180 | D        | Reached skill level 21 in Stealth
  1180 | D        | Reached XP level 10. HP: 44/44 MP: 28/35
  1182 | D        | Killed a black bear
  1184 | D        | Killed a grizzly bear
  1186 | D        | Killed a polar bear
  1188 | D        | Killed a grizzly bear
  1188 | D        | Reached skill level 22 in Stealth
  1409 | D        | Noticed Gastronok
  1441 | D        | Killed Gastronok
  1441 | D        | Reached skill level 10 in Dodging
  1442 | D        | Noticed Psyche
  1539 | D        | Killed Psyche
  1539 | D        | Received a gift from Sif Muna
  1540 | D        | Identified Breczer's Almanac of Icy Malediction (Sif Muna gifted it to you in the Dungeon)
  1576 | D        | Noticed an orc priest
  1576 | D        | Noticed an orc priest
  1576 | D        | Noticed an orc wizard
  1576 | D        | Noticed an orc wizard
  1580 | D        | Killed an orc wizard
  1583 | D        | Noticed an orc wizard
  1584 | D        | Killed an orc wizard
  1591 | D        | Killed an orc priest
  1593 | D        | Killed an orc priest
  1601 | D        | Killed an orc wizard
  1683 | D        | Noticed an orc warrior
  1683 | D        | Noticed an orc warrior
  1683 | D        | Noticed an orc warrior
  1683 | D        | Noticed an orc warrior
  1683 | D        | Noticed an orc warrior
  1683 | D        | Noticed an orc warrior
  1683 | D        | Noticed an orc wizard
  1686 | D        | Killed an orc wizard
  1687 | D        | Killed an orc warrior
  1688 | D        | Noticed an orc warrior
  1690 | D        | Noticed an orc knight
  1693 | D        | Noticed an orc priest
  1696 | D        | Killed an orc warrior
  1697 | D        | Killed an orc warrior
  1702 | D        | Killed an orc warrior
  1702 | D        | Killed an orc warrior
  1714 | D        | Killed an orc knight
  1719 | D        | Killed an orc warrior
  1722 | D        | Killed an orc warrior
  1724 | D        | Noticed an orc warrior
  1725 | D        | Noticed an orc warrior
  1727 | D        | Killed an orc priest
  1733 | D        | Killed an orc warrior
  1735 | D        | Killed an orc warrior
  1897 | D        | Found Fineheiniy's Distillery.
  1897 | D        | Noticed an orc high priest
  1897 | D        | Noticed an orc knight
  1897 | D        | Noticed an orc knight
  1897 | D        | Noticed an orc high priest
  1897 | D        | Noticed an orc knight
  1897 | D        | Noticed an orc high priest
  1898 | D        | Found Clym's Antique Weapon Shop.
  1899 | D        | Killed an orc high priest
  1899 | D        | Received a gift from Sif Muna
  1899 | D        | Reached XP level 11. HP: 47/47 MP: 34/37
  1900 | D        | Identified Sif Muna's Compendium of Curses (Sif Muna gifted it to you in the Dungeon)
  1927 | D        | Learned a level 6 spell: Mass Confusion
  2187 | D        | Killed an orc knight
  2471 | D        | Killed an orc high priest
  2471 | D        | Reached skill level 15 in Hexes
  2605 | D        | Killed an orc knight
  2859 | D        | Mangled by an orc knight

Action                   |  1- 3 |  4- 6 |  7- 9 | 10-12 || total
-------------------------+-------+-------+-------+-------++-------
Melee: Dagger            |    15 |     3 |       |       ||    18
       Cutlass           |       |    14 |    32 |    91 ||   137
 Cast: Ensorcelled Hiber |       |     5 |     9 |    27 ||    41
       Confuse           |       |     1 |     3 |    26 ||    30
       Sure Blade        |       |     1 |     4 |    17 ||    22
       Enslavement       |       |     1 |       |       ||     1
       Invisibility      |       |       |     2 |     1 ||     3
       Dazzling Spray    |       |       |       |    12 ||    12
  Use: Potion            |       |     1 |       |       ||     1
 Stab: Sleeping          |     3 |     8 |    19 |    25 ||    55
       Distracted        |     1 |     1 |       |       ||     2
       Confused          |       |     1 |       |     5 ||     6
       Invisible         |       |       |     4 |    12 ||    16
